 Dungeon Crawl Stone Soup version 0.29-a0-6-ga859fcf985 (webtiles) character file.

Game seed: 4853698521256827019

8995 Ijustatesigmund the Basher (level 11, -7/69 HPs)
             Began as a Gargoyle Fighter on Jan 27, 2022.
             Was an Elder of Cheibriados.
             Killed by mirror damage (10 damage)
             ... on level 9 of the Dungeon.
             The game lasted 00:16:42 (11064 turns).

Ijustatesigmund the Basher (Gargoyle Fighter)      Turns: 11064, Time: 00:16:43

Health: -7/69      AC: 30    Str: 37    XL:     11   Next: 39%
Magic:  10/17      EV: 11    Int: 18    God:    Cheibriados [****..]
Gold:   428        SH:  5    Dex: 20    Spells: 10/10 levels left

rFire   + . .      SeeInvis .   a - +4 flail (venom)
rCold   . . .      Faith    .   c - +0 buckler
rNeg    + . .      Spirit   .   b - +0 plate armour
rPois   ∞          Reflect  .   h - +1 helmet
rElec   +          Harm     .   n - +1 cloak
rCorr   .          Rampage  .   s - +0 pair of gloves
Will    .....                   v - +2 pair of boots
Stlth   ..........              (no amulet)
HPRegen 0.21/turn               e - ring of protection from fire
MPRegen 0.15/turn               k - +6 ring of strength

@: very slow
A: sickness immunity, AC +8, negative energy resistance 1, electricity
resistance, torment resistance 1, petrification resistance
a: Renounce Religion, Bend Time, Temporal Distortion, Slouch


You were on level 9 of the Dungeon.
You worshipped Cheibriados.
Cheibriados was greatly pleased with you.
You visited 2 branches of the dungeon, and saw 10 of its levels.
You also visited: Ossuary.

You collected 538 gold pieces.
You spent 110 gold pieces at shops.

Inventory:

Hand Weapons
 a - a +4 flail of venom (weapon)
Armour
 b - a +0 plate armour (worn)
 c - a +0 buckler (worn)
 h - a +1 helmet (worn)
 n - a +1 cloak (worn)
 s - a +0 pair of gloves (worn)
 v - a +2 pair of boots (worn)
Jewellery
 d - a +6 ring of intelligence
 e - a ring of protection from fire (left hand)
 k - a +6 ring of strength (right hand)
Wands
 l - a wand of acid (2)
 q - a wand of flame (29)
 t - a wand of charming (9)
 x - a wand of iceblast (2)
Scrolls
 g - 3 scrolls of teleportation
 o - 3 scrolls of fear
 r - 5 scrolls of identify
 w - a scroll of holy word {unknown}
Potions
 f - 3 potions of resistance
 i - 2 potions of attraction
 j - a potion of lignification
 m - 2 potions of ambrosia
 u - 3 potions of curing


   Skills:
 - Level 8.9 Fighting
 - Level 9.6 Maces & Flails
 - Level 6.5 Armour
 + Level 4.9 Dodging
 - Level 3.2 Shields
 + Level 8.7 Invocations
 + Level 5.4 Evocations


You had 10 spell levels left.
You didn't know any spells.
Your spell library contained the following spells:

 Spells                   Type           Power      Damage    Failure   Level
 Animate Skeleton         Necr           0%         N/A       86%         1
 Apportation              Tloc           0%         N/A       86%         1
 Summon Small Mammal      Summ           0%         N/A       86%         1
 Blink                    Tloc           0%         N/A       95%         2
 Gell's Gravitas          Tloc           0%         N/A       99%         3
 Teleport Other           Tloc           0%         N/A       99%         3
 Manifold Assault         Tloc           0%         N/A       100%        5
 Dispersal                Tloc           0%         N/A       100%        6
 Storm Form               Tmut/Air       0%         N/A       100%        7


Dungeon Overview and Level Annotations

Branches:
Dungeon (9/15)             Temple (1/1) D:5         Ossuary (visited)
   Lair: D:8-11         Orc: D:9-12

Altars:
Ashenzari
Cheibriados
Dithmenos
Elyvilon
Fedhas
Gozag
Hepliaklqana
Kikubaaqudgha
Makhleb
Nemelex Xobeh
Okawaru
Qazlal
Ru
Sif Muna
Trog
Uskayaw
Vehumet
Wu Jian
Xom
Yredelemnul
Zin
The Shining One

Shops:
D:1 :   D:5 [?

Annotations:
D:4 Dowan, Sigmund


Innate Abilities, Weirdness & Mutations

You are immune to sickness and miasma.
Your stone body is resilient. (AC +8)
You are immune to poison.
You resist negative energy. (rN+)
You are resistant to electric shocks. (rElec)
You are resistant to unholy torment.
You are immune to petrification.


Message History

You feel less confused.
There is an open door here.
A death knight comes into view. It is wielding a +3 glaive.
There is an open door here.
There is an open door here.
You see here a +0 scimitar of flaming.
The death knight calls down the wrath of Yredelemnul upon you.
You struggle to resist.
The flow of time bends around you.
The death knight offers itself to Yredelemnul, and fills with unholy energy.
The death knight mumbles some strange prayers to Yredelemnul against you.
Your body is wracked with pain!
The death knight hits you but does no damage.
You barely miss the death knight.
The death knight hits you but does no damage.
You bludgeon the death knight!!
The death knight looks as sick as possible!
The death knight is moderately wounded.
The death knight reflects your damage back at you! x2
The death knight hits you with a +3 glaive!
You bludgeon the death knight!!
The death knight looks as sick as possible!
The death knight is heavily wounded.
The death knight reflects your damage back at you!
* * * LOW HITPOINT WARNING * * *
The death knight reflects your damage back at you!
You thump the death knight!
The death knight is severely wounded.
The death knight reflects your damage back at you!
* * * LOW HITPOINT WARNING * * *
The death knight mumbles some strange prayers to Yredelemnul against you.
You feel a surge of unholy energy.
The death knight reflects your damage back at you!
* * * LOW HITPOINT WARNING * * *
Activating: Slouch (4% risk of failure)
Press: ? - help, Dir - look around, f - activate You can feel time thicken for a moment.
Cheibriados lowers the support of your attributes as your movement quickens.
The death knight reflects your damage back at you!
You die...

#. ..#.# #...#
#. #). ..#.#
#...# #.
##'#######'##.#
#...# #.
#...#...#...#.#
#...# #.
#...'...p...#.#
#...# #.
#...#...#...#.#
#...# #. #
##)######.#
#...# #.
#.#####..#
#...# #.
#.p@.....#
#...# #.
#######..#
#...# #. #..#
#...# #. #..#
#...# #. #..#
#...# #. #..#
#...# #. #..#
#...# #.
#..###...# #.
#........# #.


You could see a death knight (reflects damage, extremely poisoned).

Vanquished Creatures
  A boulder beetle (D:9)
  3 centaur warriors (D:9)
  Pikel (D:7)
  A deep elf pyromancer (D:9)
  An efreet (D:9)
  Prince Ribbit (D:5)
  A troll (D:9)
  A shadow (D:9)
  4 yaks (D:7)
  A steam dragon (D:8)
  A golden eye (shapeshifter) (D:9)
  Edmund (D:5)
  Duvessa (D:4)
  An acid dragon (D:8)
  3 water moccasins
  An ice beast (D:7)
  3 orc warriors
  2 black bears
  3 necrophages
  2 ogres (D:5)
  4 centaurs
  A lemure (D:7)
  An elf zombie (Ossuary)
  3 gnoll sergeants
  A kobold brigand (D:7)
  A scorpion (D:6)
  A water moccasin zombie (D:5)
  A water moccasin skeleton (D:5)
  10 wights
  8 howler monkeys
  2 centaur zombies
  A human zombie (Ossuary)
  Crazy Yiuf (D:6)
  A centaur skeleton (D:5)
  An orc priest (D:6)
  A scorpion zombie (D:5)
  2 iguanas
  7 orc wizards
  2 hound skeletons (D:4)
  3 mummies
  2 howler monkey zombies
  9 adders
  A howler monkey skeleton (D:6)
  15 gnolls
  An ufetubus (D:6)
  2 adder zombies (Ossuary)
  2 worms (D:2)
  3 dart slugs
  31 orcs
  3 ball pythons
  9 endoplasms
  6 giant cockroaches
  12 goblins
  5 hobgoblins
  8 jackals
  13 kobolds
  7 quokkas
  5 bats
  6 frilled lizards
  12 hobgoblin zombies
  2 jackal zombies (Ossuary)
  10 kobold zombies (Ossuary)
  9 orc zombies
  3 rats
  A rat zombie (Ossuary)
262 creatures vanquished.

Vanquished Creatures (others)
  A hound (D:5)
  2 fungi (D:6)
  5 plants (D:2)
8 creatures vanquished.

Grand Total: 270 creatures vanquished

Notes
Turn   | Place    | Note
-------+----------+-------------------------------------------
     0 | D:1      | Ijustatesigmund the Gargoyle Fighter began the quest for
                  | the Orb.
     0 | D:1      | Reached XP level 1. HP: 14/14 MP: 1/1
   425 | D:1      | Found Xisuwn's Book Boutique.
   525 | D:1      | Reached XP level 2. HP: 19/19 MP: 2/2
   879 | D:1      | Reached skill level 3 in Maces & Flails
   883 | D:1      | Reached XP level 3. HP: 18/24 MP: 3/3
  1570 | D:2      | Found a faded altar of an unknown god.
  1616 | D:2      | Reached XP level 4. HP: 26/29 MP: 4/4
  2410 | D:3      | Reached skill level 4 in Maces & Flails
  3072 | D:4      | Reached XP level 5. HP: 34/34 MP: 5/5
  3133 | D:4      | Noticed a necrophage
  3149 | D:4      | Killed a necrophage
  3255 | D:4      | Reached skill level 5 in Maces & Flails
  3294 | D:4      | Reached XP level 6. HP: 29/40 MP: 6/6
  3309 | D:4      | Reached skill level 5 in Fighting
  3531 | D:4      | Noticed a black bear
  3539 | D:4      | Killed a black bear
  3660 | D:4      | Reached skill level 6 in Maces & Flails
  3752 | D:4      | Reached XP level 7. HP: 44/44 MP: 7/7
  3796 | D:4      | Noticed Duvessa
  3816 | D:4      | Killed Duvessa
  3819 | D:4      | Noticed Sigmund
  3819 | D:4      | Noticed Dowan
  3826 | D:5      | Entered Level 5 of the Dungeon
  4165 | D:5      | Noticed Edmund
  4182 | D:5      | Killed Edmund
  4183 | D:5      | Reached skill level 7 in Maces & Flails
  4191 | D:5      | Reached XP level 8. HP: 9/52 MP: 8/8
  4575 | D:5      | Reached skill level 8 in Maces & Flails
  4575 | D:5      | Found Mocu Ewk's Magic Scroll Boutique.
  4581 | D:5      | Bought a scroll of identify for 26 gold pieces
  4581 | D:5      | Bought a scroll of noise for 13 gold pieces
  4581 | D:5      | Bought a scroll of magic mapping for 45 gold pieces
  4581 | D:5      | Bought a scroll of identify for 26 gold pieces
  4694 | D:5      | Found Siegfried's Dragon-Slaying Spoils.
  4812 | D:5      | Found a staircase to the Ecumenical Temple.
  4821 | Temple   | Entered the Ecumenical Temple
  5037 | Temple   | Became a worshipper of Cheibriados the Contemplative
  5123 | D:5      | Noticed Prince Ribbit
  5138 | D:5      | Killed Prince Ribbit
  5139 | D:5      | Reached skill level 1 in Invocations
  5688 | D:6      | Reached XP level 9. HP: 29/57 MP: 10/10
  5825 | D:6      | Found a sand-covered staircase.
  5832 | Ossuary  | Entered an ossuary
  5861 | Ossuary  | Reached * piety under Cheibriados
  5960 | Ossuary  | Reached ** piety under Cheibriados
  6344 | D:6      | Found a stormy altar of Qazlal.
  6356 | D:6      | Reached skill level 5 in Armour
  6511 | D:6      | Reached skill level 9 in Maces & Flails
  6968 | D:6      | Found a runed translucent door.
  6969 | D:6      | Noticed Crazy Yiuf
  6976 | D:6      | Killed Crazy Yiuf
  7090 | D:6      | Reached *** piety under Cheibriados
  7700 | D:7      | Reached skill level 5 in Invocations
  7706 | D:7      | Reached XP level 10. HP: 61/65 MP: 13/13
  7810 | D:7      | Noticed Pikel
  7820 | D:7      | Killed Pikel
  7821 | D:7      | Reached skill level 1 in Dodging
  7821 | D:7      | Reached skill level 1 in Evocations
  8046 | D:7      | Reached **** piety under Cheibriados
  9524 | D:9      | Noticed a centaur warrior
  9526 | D:9      | Noticed a centaur warrior
  9526 | D:9      | Noticed a deep elf pyromancer
  9556 | D:9      | HP: 2/65 [centaur warrior/arrow (9)]
 10098 | D:9      | Killed a centaur warrior
 10195 | D:9      | Killed a centaur warrior
 10196 | D:9      | Reached XP level 11. HP: 22/69 MP: 12/17
 10300 | D:9      | Killed a deep elf pyromancer
 10649 | D:9      | Noticed a centaur warrior
 10660 | D:9      | Killed a centaur warrior
 10660 | D:9      | Reached ***** piety under Cheibriados
 10661 | D:9      | Reached skill level 5 in Evocations
 10797 | D:9      | Noticed a boulder beetle
 10816 | D:9      | Killed a boulder beetle
 11050 | D:9      | Noticed a death knight
 11063 | D:9      | HP: 3/69 [mirror damage (2)]
 11064 | D:9      | Killed by mirror damage

Illustrated notes

Levels and vault maps discovered:
D:1:      wheals_arrival_shading, layout_basic, serial_shops, shop,
          hangedman_abyss_or_decor_lesser_grid, hangedman_decor_points
D:2:      layout_basic, dreamdust_ecumenical_altar_statues, serial_bayou_pond_c,
          grunt_ministairs_6
D:3:      layout_rooms
D:4:      layout_basic, hangedman_decor_diamond_cutter, minmay_ruptured,
          uniq_duvessa, uniq_sigmund
D:5:      layout_rooms, lemuel_temple_firewalk_a, serial_shops, shop,
          serial_bayou_pond_d, nicolae_shop_dragon_depot, uniq_edmund,
          uniq_prince_ribbit1
D:6:      layout_loops_corners, overflow_temple_1_default,
          nicolae_ossuary_entry_giza, uniq_crazy_yiuf_cottage
D:7:      layout_rooms, uniq_pikel
D:8:      layout_basic, grunt_ministairs_14
D:9:      layout_long_grid, minmay_evil_grid
Temple:   mainiacjoe_temple_archimedes_tessellation

Skill      XL: |  1  2  3  4  5  6  7  8  9 10 11 |
---------------+----------------------------------+-----
Maces & Flails | 3 4 5 6 7 8 9 |  9.6
Fighting       | 4 5 6 7 8 |  8.9
Invocations    | 2 5 8 |  8.7
Armour         | 4 6 |  6.5
Dodging        | 4 |  4.9
Evocations     | 4 5 |  5.4
Shields        | |  3.2

Action                   |  1- 3 |  4- 6 |  7- 9 | 10-12 || total
-------------------------+-------+-------+-------+-------++-------
Melee: Flail             |   120 |   174 |   328 |   200 ||   822
Invok: Temporal Distorti |       |       |       |     1 ||     1
       Bend Time         |       |       |       |     3 ||     3
       Slouch            |       |       |       |     1 ||     1
Evoke: Wand              |       |       |     4 |    11 ||    15
  Use: Scroll            |     3 |     6 |    10 |     2 ||    21
       Potion            |       |       |     5 |     3 ||     8
 Stab: Fleeing           |       |       |     1 |       ||     1
Armor: Scale mail        |    77 |       |       |       ||    77
       Plate armour      |     3 |   144 |   203 |   170 ||   520
Dodge: Dodged            |    68 |    69 |   126 |    90 ||   353
Block: Buckler           |    30 |    51 |    67 |    98 ||   246

Table legend: (Time is in decaauts)
 A = Elapsed time spent in this place.
 B = Non-inter-level travel time spent in this place.
 C = Inter-level travel time spent in this place.
 D = Time resting spent in this place.
 E = Time spent auto-exploring this place.
 F = Levels seen in this place.
 G = Mean time per level.
                   A        B        C        D        E       F      G
               +--------+--------+--------+--------+--------+-----+--------+
         Total |  12957 |  12635 |    322 |   2804 |   7759 |  11 | 1177.9 |
       Dungeon |  12225 |  11942 |    283 |   2633 |   7461 |   9 | 1358.3 |
        Temple |    244 |    205 |     39 |      0 |    182 |   1 |  244.0 |
       Ossuary |    487 |    487 |      0 |    171 |    116 |   1 |  487.0 |
               +--------+--------+--------+--------+--------+-----+--------+

Top non-repeatable levels by time:
     D:9: 2049 daAuts
     D:6: 2016 daAuts
     D:5: 1694 daAuts
     D:8: 1650 daAuts
     D:1: 1526 daAuts
     D:2: 1093 daAuts
     D:7: 906 daAuts
     D:4: 780 daAuts
     D:3: 508 daAuts
 Ossuary: 487 daAuts
  Temple: 244 daAuts
